 Dungeon Sprint DCSS version 0.28.0-47-ge53b351184 (webtiles) character file.

Game seed: 788926043402621376

155 GigaChad the Protected (level 5, 0/52 HPs)
             Began as a Minotaur Fighter on May 3, 2022.
             Killed from afar by a deep elf pyromancer (31 damage)
             ... with a bolt of fire
             ... in the Dungeon (Sprint III: "The Ten Rune Challenge").
             The game lasted 00:00:45 (1214 turns).

GigaChad the Protected (Minotaur Fighter)           Turns: 1214, Time: 00:00:46

Health: 0/52       AC:  8    Str: 21    XL:     5   Next: 14%
Magic:  4/4        EV:  9    Int:  5    God:
Gold:   0          SH:  5    Dex: 11    Spells: 4/4 levels left

rFire   . . .      SeeInvis .   a - +0 long sword
rCold   . . .      Faith    .   c - +0 buckler
rNeg    . . .      Spirit   .   b - +0 scale mail
rPois   .          Reflect  .   (helmet restricted)
rElec   .          Harm     .   (no cloak)
rCorr   .          Rampage  .   (no gloves)
Will    .....      NoTele   +   (no boots)
Stlth   ..........              (no amulet)
HPRegen 0.17/turn               (no ring)
MPRegen 0.09/turn               (no ring)

@: no status effects
A: horns 2, retaliatory headbutt
a: no special abilities


You were in the Dungeon.
You visited 1 branch

Inventory:

Hand Weapons
 a - a +0 long sword (weapon)
Armour
 b - a +0 scale mail (worn)
 c - a +0 buckler (worn)
Scrolls
 j - a scroll of blinking
 k - a scroll of identify {unknown}
Potions
 d - a potion of might
 e - a potion of curing
 f - a potion of heal wounds
 g - a potion of haste
 h - 2 potions of magic
 i - a potion of berserk rage


   Skills:
 + Level 7.5 Fighting
 + Level 4.8 Long Blades
 + Level 8.0 Armour
 + Level 0.5 Dodging
 + Level 7.4 Shields


You had 4 spell levels left.
You didn't know any spells.
Your spell library was empty.

Dungeon Overview and Level Annotations

Branches:
Dungeon (1/1)

Altars:
Elyvilon
Zin
The Shining One


Innate Abilities, Weirdness & Mutations

You have a pair of horns on your head.
You reflexively headbutt those who attack you in melee.


Message History

Your Fighting skill increases to level 7!
Your Long Blades skill increases to level 4!
Your Armour skill increases to level 8!
Your Shields skill increases to level 7!
You have reached level 5!
You start resting.
You start resting.
You start resting.
You start resting.
You start resting.
You start resting.
HP restored.
You start waiting.
You start waiting.
Done waiting.
There is a fountain of clear blue water here.
You open the door.
Found three altars.
A deep elf pyromancer comes into view.
It is wielding a +3 long sword of holy wrath.
Found 2 potions of curing.
The deep elf pyromancer shouts!
There is an open door here.
The deep elf pyromancer points at you and mumbles some strange words.
The sticky flame hits you.
You are covered in liquid flames!
You are covered in liquid flames!
You are covered in liquid flames!
You are no longer on fire.
The deep elf pyromancer gestures wildly while chanting.
The deep elf pyromancer blinks!
There is an open door here.
The deep elf pyromancer hits you with a +3 long sword of holy wrath!
The deep elf pyromancer casts a spell.
The deep elf pyromancer blinks!
There is a glowing silver altar of Zin here.
There is a glowing golden altar of the Shining One here.
The deep elf pyromancer casts a spell at you.
The bolt of fire hits you!!
Ouch! That really hurt!
You die...

▓▓▓▓▓ ▓▓▓ +.... ♣.#####
#....♣ ♣.#___# ###......
♣.#!@.#
..#....≈.♣♣♣♣.###'#+###+#
..#...≈≈♣.....#..........
..#..≈≈≈≈♣.♣..'.⌠e.......
#'#..≈≈≈≈≈≈♣♣.#...######+
..#.≈≈≈≈≈≈....#.⌠.#
).#.≈≈≈≈≈.....#...#
..#.≈≈≈.......#+###
###...........#


You could see a deep elf pyromancer.

Vanquished Creatures
  A water elemental (D)
  A scorpion (D)
  Jessica (D)
  A human (D)
  An endoplasm (D)
  A rat (D)
6 creatures vanquished.

Notes
Turn   | Place    | Note
-------+----------+-------------------------------------------
     0 | D        | GigaChad the Minotaur Fighter began the quest for the Orb.
     0 | D        | Reached XP level 1. HP: 19/19 MP: 0/0
    13 | D        | Reached skill level 4 in Armour
   127 | D        | Noticed Jessica
   138 | D        | Killed Jessica
   139 | D        | Reached skill level 5 in Fighting
   139 | D        | Reached skill level 5 in Armour
   139 | D        | Reached skill level 5 in Shields
   139 | D        | Reached XP level 2. HP: 11/29 MP: 1/1
   351 | D        | Reached skill level 6 in Armour
   351 | D        | Reached XP level 3. HP: 29/37 MP: 2/2
   354 | D        | Noticed a scorpion
   360 | D        | Killed a scorpion
   361 | D        | Reached skill level 7 in Armour
   361 | D        | Reached XP level 4. HP: 22/45 MP: 3/3
   765 | D        | Noticed a water elemental
   772 | D        | Killed a water elemental
   773 | D        | Reached skill level 8 in Armour
   773 | D        | Reached XP level 5. HP: 5/52 MP: 4/4
  1205 | D        | Found a glowing silver altar of Zin.
  1205 | D        | Found a glowing golden altar of the Shining One.
  1205 | D        | Found a white marble altar of Elyvilon.
  1206 | D        | Noticed a deep elf pyromancer
  1214 | D        | Killed from afar by a deep elf pyromancer

Illustrated notes

Levels and vault maps discovered:
D:        dungeon_sprint_mu [sprint_mu_entry_forest, sprint_mu_temple_rooms,
          sprint_mu_d1_spiders, sprint_mu_d2_genie, sprint_mu_d3_branching,
          sprint_mu_orc_legion, sprint_mu_elf_gauntlet, sprint_mu_hive_nellie,
          sprint_mu_lair_fedhas, sprint_mu_vaults_butterflies,
          sprint_mu_slime_circle, sprint_mu_swamp_cave, sprint_mu_snake_twists,
          sprint_mu_blade_basic, sprint_mu_crypt_lich, sprint_mu_tomb_spiral,
          sprint_mu_vestibule_basic, sprint_mu_gehenna_hellfire,
          sprint_mu_dis_giant, sprint_mu_tartarus_statrot,
          sprint_mu_cocytus_islands, sprint_mu_zot1]

Skill      XL: |  1  2  3  4 |
---------------+-------------+-----
Shields        | 5 6 7 |  7.4
Armour         | 5 6 7 8 |  8.0
Fighting       | 5 6 7 |  7.5
Long Blades    | 3 4 |  4.8
Dodging        | |  0.5

Action                   |  1- 3 |  4- 6 || total
-------------------------+-------+-------++-------
Melee: Long sword        |    18 |     6 ||    24
       Headbutt          |     3 |     1 ||     4
Armor: Scale mail        |     6 |     1 ||     7
Dodge: Dodged            |    10 |     2 ||    12
Block: Buckler           |     2 |     1 ||     3
